[Event "Titled Tuesday Blitz November 30 2021"]
[White "Grigorjev, Iljya"]
[Black "Leiva, Gianmarco"]
[WhiteFideId "24159565"]
[BlackFideId "3804399"]
[WhiteElo "2124"]
[BlackElo "2318"]
[Result "1-0"]
[Round "04"]
[TimeControl "180+1"]
[Date "2021.11.30"]
[WhiteClock "0:00:07"]
[BlackClock "0:00:01"]

1. Nf3 Nf6 2. g3 d5 3. Bg2 e6 4. O-O Be7 5. b3 O-O 6. Bb2 a5 7. a4 b6 8. d4 Bb7 9. c4 dxc4 10. bxc4 c5 11. e3 Na6 12. Na3 Nb4 13. Nb5 Rc8 14. Rc1 Na2 15. Ra1 Nb4 16. Ne5 Bxg2 17. Kxg2 cxd4 18. exd4 Nc6 19. Nxc6 Rxc6 20. Qb3 Qa8 21. Kg1 Rcc8 22. Rac1 Ne4 23. Rfd1 Bf6 24. f3 Ng5 25. Kg2 h5 26. h4 Nh7 27. Nd6 Rc6 28. Ne4 Rd8 29. Qb5 Qc8 30. d5 exd5 31. cxd5 Rxc1 32. Rxc1 Qf5 33. Qxb6 Rxd5 34. Bxf6 Nxf6 35. Qb8+ Kh7 36. Ng5+ Kg6 37. Qb7 Rd2+ 38. Kg1 Rd7 39. Qb5 Rd5 40. Qb7 Rd7 41. Qc6 Qe5 42. Qc2+ Kh6 43. Kg2 Rb7 44. Rb1 Rc7 45. Qd2 Qf5 46. Nxf7+ Kg6 47. Qg5+ Qxg5 48. Nxg5 Rc2+ 49. Kh3 Ra2 50. Rb7 Rxa4 51. Ne6 Ra1 52. Rxg7+ Kf5 53. Nd4+ Ke5 54. Nc6+ Kd6 55. Rg6 Kxc6 56. Rxf6+ Kc5 57. Rf5+ Kb4 58. Rxh5 a4 59. Rh8 a3 60. Ra8 a2 61. Kg4 Kb3 62. h5 Rh1 63. Kg5 a1=Q 64. Rxa1 1-0


[Site "https://www.chess.com"]

[Event "Titled Tuesday Blitz November 30 2021"]
[White "Halkias, Stelios"]
[Black "Azarov, Sergei"]
[WhiteFideId "4201809"]
[BlackFideId "13501470"]
[WhiteElo "2575"]
[BlackElo "2494"]
[Result "0-1"]
[Round "04"]
[TimeControl "180+1"]
[Date "2021.11.30"]
[WhiteClock "0:00:17"]
[BlackClock "0:00:27"]

1. d4 Nf6 2. c4 e6 3. Nf3 d5 4. g3 dxc4 5. Bg2 a6 6. O-O Nc6 7. Nc3 Rb8 8. e4 Be7 9. d5 exd5 10. exd5 Nb4 11. Ne5 O-O 12. Nxc4 Bf5 13. Ne3 Bg6 14. Qf3 Bc5 15. Rd1 Re8 16. h3 Qd7 17. Bd2 Nd3 18. Kh2 Nxb2 19. Rf1 Nd3 20. Rad1 Rbd8 21. Nc4 b5 22. Na5 b4 23. Bg5 Ne5 24. Qf4 bxc3 25. Bxf6 gxf6 26. Nc6 c2 27. Rc1 Nd3 28. Qxf6 Nxc1 29. Rxc1 Qd6 30. Qg5 Bxf2 31. h4 Be3 0-1


[Site "https://www.chess.com"]

[Event "Titled Tuesday Blitz November 30 2021"]
[White "Ibarra Jerez, Jose Carlos"]
[Black "Papasimakopoulos, Alexandros"]
[WhiteFideId "2226332"]
[BlackFideId "4244125"]
[WhiteElo "2626"]
[BlackElo "2394"]
[Result "1-0"]
[Round "04"]
[TimeControl "180+1"]
[Date "2021.11.30"]
[WhiteClock "0:00:43"]
[BlackClock "0:00:29"]

1. d4 e6 2. e4 d5 3. Bd3 c5 4. exd5 exd5 5. Nf3 Nf6 6. O-O Be7 7. dxc5 O-O 8. b4 a5 9. c3 Nc6 10. b5 Nb8 11. Be3 Nbd7 12. c6 bxc6 13. bxc6 Nc5 14. Bb5 a4 15. c4 Be6 16. Nd4 Bg4 17. f3 Bc8 18. Nc3 dxc4 19. Bxc4 Qa5 20. Qe1 Re8 21. Ncb5 Qb6 22. Rb1 Ba6 23. Nd6 Qxb1 24. Qxb1 Bxd6 25. Bxa6 Rxa6 26. Nf5 Bf8 27. Qb5 Re5 28. Bxc5 Bxc5+ 29. Kh1 Rb6 30. Qxa4 Rxf5 31. c7 1-0


[Site "https://www.chess.com"]

[Event "Titled Tuesday Blitz November 30 2021"]
[White "Indjic, Aleksandar"]
[Black "Gusarov, Grigory"]
[WhiteFideId "911925"]
[BlackFideId "24102172"]
[WhiteElo "2643"]
[BlackElo "2254"]
[Result "0-1"]
[Round "04"]
[TimeControl "180+1"]
[Date "2021.11.30"]
[WhiteClock "0:00:53"]
[BlackClock "0:01:38"]

1. e4 c6 2. d4 d5 3. e5 Bf5 4. h4 h6 5. Bd3 Bxd3 6. Qxd3 e6 7. Nd2 Qa5 8. Ne2 Qa6 9. c4 Ne7 10. b3 c5 11. O-O Nbc6 12. Bb2 Rd8 13. Qf3 cxd4 14. Nxd4 Nxd4 15. Bxd4 dxc4 16. Be3 c3 17. Ne4 Nd5 18. Rfc1 Ba3 19. Rc2 Qd3 20. Qe2 Qxe4 0-1


[Site "https://www.chess.com"]

[Event "Titled Tuesday Blitz November 30 2021"]
[White "Kamsky, Gata"]
[Black "Nasuta, Grzegorz"]
[WhiteFideId "2000024"]
[BlackFideId "1141686"]
[WhiteElo "2645"]
[BlackElo "2377"]
[Result "1-0"]
[Round "04"]
[TimeControl "180+1"]
[Date "2021.11.30"]
[WhiteClock "0:00:21"]
[BlackClock "0:00:03"]

1. e4 e5 2. Nf3 Nc6 3. Bb5 a6 4. Ba4 Nf6 5. O-O Be7 6. Re1 b5 7. Bb3 d6 8. c3 O-O 9. d4 Bg4 10. d5 Na5 11. Bc2 Qc8 12. h3 Bd7 13. Nbd2 c6 14. dxc6 Qxc6 15. Nf1 Nc4 16. Ng3 g6 17. b3 Nb6 18. Bh6 Rfc8 19. Re3 Be6 20. Qd2 Rd8 21. Nf5 Bxf5 22. exf5 Nbd5 23. fxg6 hxg6 24. Rd3 Ne4 25. Qe1 Ndxc3 26. Re3 f5 27. b4 Kh7 28. Bg5 Nxg5 29. Nxg5+ Bxg5 30. Rxc3 Qb7 31. h4 Bf6 32. h5 e4 33. hxg6+ Kg7 34. Rh3 Rh8 35. Rd1 Rxh3 36. gxh3 d5 37. Qe3 Rd8 38. Qf4 Qd7 39. Bb3 d4 40. h4 Qd6 41. Qxf5 d3 42. Qxe4 d2 43. h5 Qd4 44. Qxd4 Rxd4 45. Kf1 Bg5 46. Ke2 Rh4 47. Rg1 Rxh5 48. Rg3 1-0


[Site "https://www.chess.com"]

[Event "Titled Tuesday Blitz November 30 2021"]
[White "Kosteniuk, Alexandra"]
[Black "Iljiushenok, Ilia"]
[WhiteFideId "4128125"]
[BlackFideId "24105074"]
[WhiteElo "2521"]
[BlackElo "2578"]
[Result "1/2-1/2"]
[Round "04"]
[TimeControl "180+1"]
[Date "2021.11.30"]
[WhiteClock "0:00:11"]
[BlackClock "0:00:11"]

1. Nf3 Nf6 2. g3 d5 3. Bg2 c5 4. O-O e6 5. b3 Be7 6. Bb2 O-O 7. c4 d4 8. e3 Nc6 9. exd4 cxd4 10. d3 e5 11. Nbd2 Re8 12. Ng5 h6 13. Nge4 Nd7 14. Qh5 Nf8 15. c5 Be6 16. Nc4 Ng6 17. Rac1 Qd7 18. h3 Nb4 19. Rcd1 Bf8 20. Ncd6 Nxa2 21. Nxe8 Rxe8 22. Ba3 Nc3 23. Nxc3 dxc3 24. Be4 Bxh3 25. Bxg6 fxg6 26. Qxg6 Bxf1 27. Kxf1 e4 28. b4 c2 29. Rd2 Qa4 30. Bc1 Qc6 31. Qxc6 bxc6 32. dxe4 Rxe4 33. Rxc2 Rxb4 34. Be3 a5 35. Rd2 a4 36. Rd8 Rc4 37. Ra8 a3 38. Rxa3 Bxc5 39. Ra8+ Kh7 40. Bxc5 Rxc5 41. Rc8 Rc4 42. Kg2 Rc2 43. Kf3 c5 44. g4 c4 45. Ke3 Kg6 46. f4 Kf7 47. Rc7+ Kg8 48. Rc8+ Kh7 49. f5 Rc3+ 50. Kf4 Rc1 51. Rc7 c3 52. Ke3 c2 53. Kd2 Rg1 54. Kxc2 Rg2+ 55. Kd3 Rxg4 56. f6 h5 57. Rxg7+ Rxg7 58. fxg7 Kxg7 59. Ke2 Kf6 60. Kf1 Kf5 61. Kg1 Kg4 62. Kh1 h4 63. Kg1 h3 64. Kh1 Kg3 65. Kg1 h2+ 66. Kh1 Kf2 67. Kxh2 1/2-1/2


[Site "https://www.chess.com"]

[Event "Titled Tuesday Blitz November 30 2021"]
[White "Kovalev, Vladislav"]
[Black "Martinez Alcantara, Jose Eduardo"]
[WhiteFideId "13504398"]
[BlackFideId "3805662"]
[WhiteElo "2573"]
[BlackElo "2690"]
[Result "0-1"]
[Round "04"]
[TimeControl "180+1"]
[Date "2021.11.30"]
[WhiteClock "0:00:01"]
[BlackClock "0:00:22"]

1. e4 c5 2. Nf3 d6 3. Bb5+ Nd7 4. O-O a6 5. Bd3 Ngf6 6. Re1 e6 7. c3 b5 8. Bc2 c4 9. a4 Bb7 10. axb5 axb5 11. Rxa8 Qxa8 12. Na3 Bxe4 13. Nxb5 Qb7 14. Bxe4 Nxe4 15. d3 Qxb5 16. dxe4 Be7 17. Nd4 Qa6 18. Qg4 Bf6 19. Qg3 Ne5 20. Bg5 Bxg5 21. Qxg5 O-O 22. h4 h6 23. Qd2 Rb8 24. Rd1 Qb7 25. Nf3 Nd3 26. b4 Qxe4 27. Nd4 Qxh4 28. b5 Qg5 29. Qxg5 hxg5 30. Rb1 Nc5 31. Nc6 Rb6 32. Na5 d5 33. Nc6 Ne4 34. Rc1 Rxb5 0-1


[Site "https://www.chess.com"]

[Event "Titled Tuesday Blitz November 30 2021"]
[White "Krishnan, Varun"]
[Black "Sychev, Klementy"]
[WhiteFideId "5054508"]
[BlackFideId "4114060"]
[WhiteElo "2665"]
[BlackElo "2615"]
[Result "1-0"]
[Round "04"]
[TimeControl "180+1"]
[Date "2021.11.30"]
[WhiteClock "0:00:08"]
[BlackClock "0:00:01"]

1. e4 Nc6 2. Nf3 d6 3. d4 Nf6 4. Nc3 g6 5. Bb5 a6 6. Bxc6+ bxc6 7. e5 Nd5 8. Ne4 Bg7 9. c4 Nb6 10. b3 O-O 11. O-O a5 12. a4 d5 13. cxd5 Nxd5 14. Ba3 Bf5 15. Ng3 Bd7 16. Qc2 Rb8 17. Nd2 Nb4 18. Bxb4 Rxb4 19. Nc4 f5 20. Nxa5 Rxd4 21. Nxc6 Bxc6 22. Qxc6 Bxe5 23. Qe6+ Rf7 24. Qxe5 Rd5 25. Qe6 Rd6 26. Qc4 Rd4 27. Qc1 f4 28. Ne2 Re4 29. Nc3 Rd4 30. Nb5 Rd7 31. f3 Rf6 32. Rd1 c6 33. Rxd7 Qxd7 34. Qc4+ Kg7 35. Nd4 Rd6 36. Rd1 e5 37. a5 Rxd4 38. Rxd4 exd4 39. Qd3 c5 40. a6 g5 41. h3 Qe7 42. Qe4 Qc7 43. Qb7 1-0


[Site "https://www.chess.com"]

[Event "Titled Tuesday Blitz November 30 2021"]
[White "Lysyj, Igor"]
[Black "Andreikin, Dmitry"]
[WhiteFideId "4150120"]
[BlackFideId "4158814"]
[WhiteElo "2611"]
[BlackElo "2736"]
[Result "0-1"]
[Round "04"]
[TimeControl "180+1"]
[Date "2021.11.30"]
[WhiteClock "0:00:51"]
[BlackClock "0:00:45"]

1. d4 g6 2. Nf3 Bg7 3. e3 d6 4. Be2 Nd7 5. O-O e5 6. c4 Ngf6 7. Nc3 O-O 8. Qc2 Re8 9. b3 e4 10. Nd2 Qe7 11. Bb2 Nf8 12. Rfc1 Bf5 13. Bf1 Ne6 14. Nd5 Qd8 15. Nxf6+ Qxf6 16. Nxe4 Qh4 17. f3 Bxe4 18. Qxe4 Qxe4 19. fxe4 Ng5 20. Bd3 Nxe4 21. Re1 Re7 22. Rac1 Rae8 23. Rc2 f5 24. b4 Nf6 25. Rce2 c6 26. b5 d5 27. bxc6 bxc6 28. Ba3 Re6 29. Bc5 Bh6 30. cxd5 cxd5 31. Bxa7 Bxe3+ 32. Kh1 Ng4 33. g3 Nf2+ 34. Rxf2 Bxf2 35. Rxe6 Rxe6 36. Kg2 Be1 37. Bc5 Kf7 38. a4 Re3 39. Ba6 Rb3 40. Kf1 Bb4 41. Bb7 Ke6 42. Bc8+ Kf6 43. Bxb4 Rxb4 44. a5 Rxd4 0-1


[Site "https://www.chess.com"]

[Event "Titled Tuesday Blitz November 30 2021"]
[White "Makarian, Rudik"]
[Black "Seo, Jung Min"]
[WhiteFideId "44105681"]
[BlackFideId "1734687"]
[WhiteElo "2486"]
[BlackElo "2472"]
[Result "0-1"]
[Round "04"]
[TimeControl "180+1"]
[Date "2021.11.30"]
[WhiteClock "0:00:01"]
[BlackClock "0:00:36"]

1. d4 Nf6 2. c4 e6 3. Nf3 d5 4. Nc3 dxc4 5. e4 b5 6. e5 Nd5 7. Nxb5 Nb6 8. Be2 Bb4+ 9. Nc3 Nc6 10. h4 Qd7 11. h5 h6 12. Be3 Bb7 13. Qc2 Ne7 14. Rd1 Nf5 15. O-O Nxe3 16. fxe3 O-O 17. a3 Be7 18. e4 Rad8 19. d5 exd5 20. exd5 Nxd5 21. Bxc4 Qe6 22. Nxd5 Bxd5 23. Rxd5 Rxd5 24. Bxd5 Qxd5 25. Qxc7 Bc5+ 26. Kh2 Bb6 27. Qd6 Qe4 28. e6 Qxe6 29. Qxe6 fxe6 30. Re1 Rf5 31. Rxe6 Rxh5+ 32. Kg3 Rb5 33. Re2 Kh7 34. b4 a5 35. Rb2 axb4 36. a4 Bc7+ 37. Kf2 Rb8 38. Ke3 Bd6 39. Nd4 Bc5 40. Rb3 Rd8 41. Rd3 b3 42. Rxb3 Rxd4 43. Rb5 Ba7 44. Kf3 Rxa4 45. g4 Ra3+ 46. Kg2 Bd4 47. g5 h5 48. Kh2 Re3 49. Rd5 Be5+ 50. Kg2 Kg6 51. Rd7 Kxg5 52. Rf7 Bf6 53. Rb7 Re7 54. Rb5+ Re5 55. Rb8 g6 56. Rb4 h4 57. Rb7 Kh5 58. Rb6 Rf5 59. Kh3 g5 60. Rb4 g4+ 61. Kg2 h3+ 62. Kh1 g3 63. Rb1 g2+ 64. Kh2 Bd4 65. Kxh3 g1=Q 66. Rxg1 0-1


[Site "https://www.chess.com"]

[Event "Titled Tuesday Blitz November 30 2021"]
[White "Manafov, Vugar"]
[Black "Khoroshev, Nikita"]
[WhiteFideId "13410814"]
[BlackFideId "14200287"]
[WhiteElo "2277"]
[BlackElo "2376"]
[Result "1-0"]
[Round "04"]
[TimeControl "180+1"]
[Date "2021.11.30"]
[WhiteClock "0:00:24"]
[BlackClock "0:00:30"]

1. d4 Nf6 2. c4 g6 3. Nc3 Bg7 4. g3 d6 5. Bg2 O-O 6. Nf3 Nc6 7. O-O e5 8. d5 Ne7 9. Ne1 Nd7 10. e4 f5 11. Nd3 b6 12. f4 a5 13. fxe5 Nxe5 14. Nxe5 Bxe5 15. Bg5 Qe8 16. Nb5 Qd7 17. Nd4 Bf6 18. Qd2 Ba6 19. Rac1 Rae8 20. Ne6 Rf7 21. exf5 Nxf5 22. g4 Bxg5 23. Qxg5 Ng7 24. Rxf7 Qxf7 25. Rf1 Qd7 26. Qf6 Nxe6 27. dxe6 Qe7 28. Qf7+ Kh8 29. Bd5 c6 30. Bxc6 Qxf7 31. exf7 Rf8 32. Bd5 Kg7 33. Re1 h6 34. a4 Bc8 35. h3 Bd7 36. b3 Kf6 37. Kg2 Rc8 38. Kf3 g5 39. Re3 Rd8 40. Ke2 Rc8 41. Kd3 Rd8 42. Kd4 Rc8 43. Bb7 Rb8 44. Rf3+ Ke7 45. Bd5 Rc8 46. Bb7 Rb8 47. Kd5 Be6+ 48. Kc6 Bxf7 49. Kc7 Rh8 50. Kxb6 h5 51. Kxa5 hxg4 52. hxg4 Be6 53. Rg3 Rh4 54. Bf3 Rh2 55. Kb6 Rb2 56. Bd5 Bd7 57. a5 Ba4 58. c5 dxc5 59. a6 Kd6 60. a7 Bxb3 1-0


[Site "https://www.chess.com"]

[Event "Titled Tuesday Blitz November 30 2021"]
[White "Mitrabha, Guha"]
[Black "Drygalov, Sergey"]
[WhiteFideId "5057000"]
[BlackFideId "24171743"]
[WhiteElo "2334"]
[BlackElo "2514"]
[Result "1-0"]
[Round "04"]
[TimeControl "180+1"]
[Date "2021.11.30"]
[WhiteClock "0:01:36"]
[BlackClock "0:00:03"]

1. d4 Nf6 2. Bf4 d5 3. e3 e6 4. Nf3 c5 5. Nbd2 Nc6 6. c3 cxd4 7. exd4 Nh5 8. Bg5 f6 9. Be3 Bd6 10. Bd3 Nf4 11. Bxf4 Bxf4 12. O-O O-O 13. Re1 g6 14. Nf1 Kg7 15. g3 Bc7 16. Bc2 e5 17. Ne3 e4 18. Nd2 f5 19. f4 Be6 20. Rf1 Kh8 21. Qe2 a6 22. Kh1 b5 23. Nb3 Bb6 24. Rad1 Qe7 25. a3 Rfd8 26. Nc1 Rab8 27. b4 a5 28. Nb3 a4 29. Nc5 Bxc5 30. dxc5 d4 31. cxd4 Nxd4 32. Qe1 Qg7 33. Qc3 Nf3 34. Qxg7+ Kxg7 35. Rxd8 Rxd8 36. Rd1 Rd4 37. Kg2 Kf6 38. Kf2 Ke7 39. Rxd4 Nxd4 40. Bd1 Bb3 41. Ke1 Kd7 42. Be2 Kc6 43. Kd2 Be6 44. h3 h6 45. h4 Bf7 46. Bd1 Bb3 47. Kc3 Nf3 48. Bxf3 exf3 49. Kd2 Ba2 50. h5 gxh5 51. Nxf5 Kd5 52. Ke3 Bb1 53. Nd6 h4 54. gxh4 1-0


[Site "https://www.chess.com"]

[Event "Titled Tuesday Blitz November 30 2021"]
[White "Nagy, Gabor"]
[Black "Gaehwiler, Gabriel"]
[WhiteFideId "737119"]
[BlackFideId "1314530"]
[WhiteElo "2534"]
[BlackElo "2320"]
[Result "1-0"]
[Round "04"]
[TimeControl "180+1"]
[Date "2021.11.30"]
[WhiteClock "0:01:50"]
[BlackClock "0:00:53"]

1. c4 Nf6 2. Nc3 g6 3. g3 Bg7 4. Bg2 O-O 5. e4 d6 6. Nge2 c5 7. O-O Nc6 8. d3 Rb8 9. h3 a6 10. a4 Ne8 11. Be3 Nc7 12. d4 cxd4 13. Nxd4 Ne6 14. Nde2 Nc5 15. f4 b6 16. Rb1 Nb4 17. b3 Bb7 18. Qd2 Qc8 19. Nd5 Nxd5 20. exd5 e6 21. Nc3 Bxc3 22. Qxc3 exd5 23. f5 dxc4 24. Bh6 f6 25. fxg6 Bxg2 26. Rxf6 Ne4 27. Rxf8+ Qxf8 28. Qxc4+ 1-0


[Site "https://www.chess.com"]

[Event "Titled Tuesday Blitz November 30 2021"]
[White "Nakamura, Hikaru"]
[Black "Awatramani, Janak"]
[WhiteFideId "2016192"]
[BlackFideId "2608359"]
[WhiteElo "2884"]
[BlackElo "2819"]
[Result "1/2-1/2"]
[Round "04"]
[TimeControl "180+1"]
[Date "2021.11.30"]
[WhiteClock "0:00:22"]
[BlackClock "0:00:05"]

1. Nf3 e6 2. e4 b6 3. d4 Bb7 4. Bd3 Nf6 5. Nbd2 d5 6. e5 Nfd7 7. c3 Be7 8. O-O c5 9. Re1 Nc6 10. a3 g5 11. g4 h5 12. h3 hxg4 13. hxg4 Qc7 14. b4 a6 15. Nf1 O-O-O 16. bxc5 bxc5 17. Ng3 Rdg8 18. Rb1 Rh3 19. Kg2 Rh4 20. Be3 Rxg4 21. Kf1 Rh8 22. Ke2 Qa5 23. Qc1 c4 24. Bc2 Qxc3 25. Qd2 Qxa3 26. Ra1 Qb4 27. Qc1 f6 28. exf6 Bxf6 29. Kf1 Qd6 30. Qa3 Qc7 31. Kg2 Rgh4 32. Nxh4 gxh4 33. Ne2 h3+ 34. Kh1 e5 35. Rad1 e4 36. Rg1 Be7 37. Qc1 Bd6 38. Rg7 Nb4 39. Ba4 Bc6 40. Bxc6 Qxc6 41. Rdg1 Nd3 42. Qb1 Rf8 43. Rg8 Qb5 44. Rxf8+ Bxf8 45. Nc3 Qxb1 46. Rxb1 Nb4 47. Kh2 a5 48. Kxh3 Nb6 49. Ra1 Nc6 50. Kg4 Bb4 51. Na2 Kd7 52. f3 exf3 53. Kxf3 Nc8 54. Nc1 Nd6 55. Ne2 Nb5 56. Kg4 Ke6 57. Nf4+ Kd6 58. Ne2 Kd7 59. Kf3 Bd6 60. Bf2 Be7 61. Be3 Bf6 62. Kf4 Kd6 63. Kf3 Nbxd4+ 64. Bxd4 Bxd4 65. Rh1 Ne5+ 66. Kg3 Be3 67. Ra1 Nc6 68. Kf3 Bc5 69. Rh1 Bb4 70. Nf4 Ne5+ 71. Ke3 Bc5+ 72. Ke2 d4 73. Rh6+ Kd7 74. Rh5 d3+ 75. Kd1 Bd6 76. Nd5 Ke6 77. Nf4+ Kd7 78. Nd5 a4 79. Nb6+ Kc6 80. Nxa4 Kd5 81. Nc3+ Kd4 82. Nb5+ Kd5 83. Nc3+ Kd4 84. Nb1 Nf3 85. Rf5 Ke4 86. Rf7 Be5 87. Re7 Kd4 88. Rd7+ Ke4 89. Re7 Kd4 90. Re8 c3 91. Na3 c2+ 92. Nxc2+ dxc2+ 93. Kxc2 Ke4 94. Kb3 Nd4+ 95. Kc4 Nf5 96. Rxe5+ Kxe5 1/2-1/2


[Site "https://www.chess.com"]

[Event "Titled Tuesday Blitz November 30 2021"]
[White "Onyshchuk, Volodymyr"]
[Black "Stribuk, Artiom"]
[WhiteFideId "14114038"]
[BlackFideId "13515659"]
[WhiteElo "2603"]
[BlackElo "2224"]
[Result "1-0"]
[Round "04"]
[TimeControl "180+1"]
[Date "2021.11.30"]
[WhiteClock "0:00:26"]
[BlackClock "0:00:03"]

1. e4 c5 2. Nf3 Nc6 3. Bb5 e6 4. Bxc6 bxc6 5. d3 Ne7 6. Qe2 d5 7. b3 Ng6 8. e5 a5 9. a4 Be7 10. Bb2 c4 11. dxc4 Ba6 12. Nbd2 Nf4 13. Qf1 dxc4 14. bxc4 Bb4 15. g3 Rb8 16. Rb1 Nd5 17. Qd3 O-O 18. O-O Nb6 19. Ra1 Bxd2 20. Nxd2 Nxc4 21. Nxc4 Qxd3 22. cxd3 Bxc4 23. Ba3 Bxd3 24. Bxf8 Kxf8 25. Rfc1 Rb6 26. Rc5 Ra6 27. f3 g5 28. Kf2 Kg7 29. Ke3 Bg6 30. Rd1 Rb6 31. Rxa5 Rb3+ 32. Ke2 h5 33. Rd2 Ra3 34. Ra7 g4 35. fxg4 hxg4 36. Rd4 Bf5 37. a5 Ra2+ 38. Ke3 c5 39. Rdd7 Kg6 40. Rxf7 Ra3+ 41. Kd2 Ra2+ 42. Kc3 Rxh2 43. Rf6+ Kg5 44. Rg7+ Kh5 45. Rxf5+ 1-0


[Site "https://www.chess.com"]

[Event "Titled Tuesday Blitz November 30 2021"]
[White "Ostrovskiy, Aleksandr"]
[Black "Borsuk, Konstantin"]
[WhiteFideId "2034239"]
[BlackFideId "14113406"]
[WhiteElo "2340"]
[BlackElo "2406"]
[Result "1-0"]
[Round "04"]
[TimeControl "180+1"]
[Date "2021.11.30"]
[WhiteClock "0:00:03"]
[BlackClock "0:01:24"]

1. e4 e6 2. d4 d5 3. Bd3 dxe4 4. Bxe4 Nf6 5. Bf3 c5 6. Ne2 Nc6 7. Be3 cxd4 8. Nxd4 Ne5 9. Nc3 Bb4 10. Nb5 Bd7 11. Nd6+ Ke7 12. Ne4 Bc6 13. Nxf6 Nxf3+ 14. gxf3 Qxd1+ 15. Rxd1 gxf6 16. Ke2 Rhd8 17. Ne4 b6 18. c3 Bb5+ 19. Ke1 Bd6 20. Nxd6 Rxd6 21. Rxd6 Kxd6 22. Rg1 e5 23. Rg7 Ke6 24. Rxh7 Rg8 25. b3 f5 26. c4 Bc6 27. f4 Rg1+ 28. Kd2 Ra1 29. Rh6+ f6 30. fxe5 Kxe5 31. Kc3 Rxa2 32. Bd4+ Kf4 33. Rxf6 Be4 34. Be3+ Kg4 35. Rg6+ Kh3 36. Rh6+ Kg2 37. h4 a5 38. h5 Rc2+ 39. Kd4 Rb2 40. Kc3 Rc2+ 41. Kd4 Bf3 42. Rg6+ Kf1 43. h6 Rb2 44. h7 Rxb3 45. h8=Q a4 46. Rh6 a3 47. Rh1+ Ke2 48. Ra1 Be4 49. Qh2 Rd3+ 50. Ke5 Rc3 51. Qg1 Rxc4 52. Qd1# 1-0


[Site "https://www.chess.com"]

[Event "Titled Tuesday Blitz November 30 2021"]
[White "Ozen, Bahadir"]
[Black "Goryachkina, Aleksandra"]
[WhiteFideId "6337058"]
[BlackFideId "4147103"]
[WhiteElo "2503"]
[BlackElo "2441"]
[Result "0-1"]
[Round "04"]
[TimeControl "180+1"]
[Date "2021.11.30"]
[WhiteClock "0:00:10"]
[BlackClock "0:00:05"]

1. Nf3 Nf6 2. e3 d5 3. c4 e6 4. Nc3 b6 5. cxd5 exd5 6. g3 Bd6 7. Bg2 O-O 8. O-O c6 9. b3 Bg4 10. h3 Bh5 11. Bb2 Nbd7 12. Ne2 Bxf3 13. Bxf3 Ne5 14. Bg2 Nd3 15. Qc2 Nxb2 16. Qxb2 Rc8 17. Rac1 Qd7 18. d3 Rfe8 19. Rfd1 Be5 20. Qd2 Qe7 21. b4 h5 22. Rc2 Rc7 23. Rdc1 Rec8 24. Kf1 g6 25. a3 c5 26. bxc5 bxc5 27. Qa5 c4 28. d4 Bd6 29. Ra1 Rd7 30. Nc3 Bc7 31. Qb5 Rcd8 32. Bf3 Qe6 33. Bg2 h4 34. g4 a6 35. Qa4 Nxg4 36. hxg4 Qxg4 37. Nxd5 Rxd5 38. Qxc4 R5d7 39. d5 Qg5 40. Rd1 Bd6 41. Bh3 Rc7 42. Qg4 Qxg4 43. Bxg4 Rxc2 0-1


[Site "https://www.chess.com"]

[Event "Titled Tuesday Blitz November 30 2021"]
[White "Perez Ponsa, Federico"]
[Black "Piesik, Piotr"]
[WhiteFideId "117927"]
[BlackFideId "1136194"]
[WhiteElo "2672"]
[BlackElo "2336"]
[Result "1-0"]
[Round "04"]
[TimeControl "180+1"]
[Date "2021.11.30"]
[WhiteClock "0:00:58"]
[BlackClock "0:00:46"]

1. e4 g6 2. d4 Bg7 3. Nf3 c6 4. c3 d6 5. Bd3 Nf6 6. O-O O-O 7. Re1 Nbd7 8. Nbd2 e5 9. Nf1 Re8 10. Ng3 Qc7 11. h3 Rb8 12. Be3 b5 13. Qd2 a6 14. Rad1 c5 15. dxe5 Nxe5 16. Nxe5 dxe5 17. c4 Be6 18. Rc1 Nd7 19. b3 Red8 20. Qe2 b4 21. Nf5 Nf8 22. Nxg7 Kxg7 23. Rf1 Rbc8 24. f4 exf4 25. Bxf4 Qc6 26. Be5+ Kg8 27. Qe3 Nd7 28. Bb2 Rf8 29. Rf2 Qc7 30. Rcf1 Ne5 31. Be2 Rcd8 32. Qg5 Nc6 33. Bf6 1-0


[Site "https://www.chess.com"]

[Event "Titled Tuesday Blitz November 30 2021"]
[White "Potapova, Margarita"]
[Black "Shipov, Sergei"]
[WhiteFideId "14126869"]
[BlackFideId "4113624"]
[WhiteElo "2247"]
[BlackElo "2756"]
[Result "0-1"]
[Round "04"]
[TimeControl "180+1"]
[Date "2021.11.30"]
[WhiteClock "0:00:06"]
[BlackClock "0:01:21"]

1. d4 d5 2. c4 dxc4 3. e4 Nf6 4. e5 Nd5 5. Bxc4 Nc6 6. Nf3 Bg4 7. O-O e6 8. Nc3 Nb6 9. Bb5 Qd7 10. h3 Bh5 11. Be3 a6 12. Be2 Be7 13. Ne4 O-O-O 14. Rc1 Kb8 15. Qc2 Bg6 16. Nc5 Bxc2 17. Nxd7+ Rxd7 18. Rxc2 Nb4 19. Rd2 Nxa2 20. Rfd1 Nb4 21. g4 N4d5 22. Kg2 Rhd8 23. h4 h6 24. g5 hxg5 25. hxg5 Rh8 26. Rh1 Rxh1 27. Kxh1 Rd8 28. Kg2 Rh8 29. Rd1 c6 30. Bd3 g6 31. Bc1 Kc7 32. Nh2 Rh4 33. Nf3 Rh5 34. Rh1 Rxh1 35. Kxh1 a5 36. Kg2 a4 37. Kf1 Nb4 38. Bb1 c5 39. Ke2 N6d5 40. dxc5 Bxc5 41. Nd2 Nf4+ 42. Kd1 Nfd3 43. Ne4 Nxf2+ 44. Nxf2 Bxf2 45. Ke2 Bc5 46. Bd2 Nc6 47. Bc2 b5 48. Bf4 Bd4 49. Be4 Bxb2 50. Kd3 Nb4+ 51. Kd2 a3 52. Bb1 a2 53. Bxa2 Nxa2 54. Kc2 Bd4 55. Kb3 Nc3 0-1


[Site "https://www.chess.com"]

[Event "Titled Tuesday Blitz November 30 2021"]
[White "Pranav, V"]
[Black "Peralta, Eduardo"]
[WhiteFideId "25060783"]
[BlackFideId "3700062"]
[WhiteElo "2351"]
[BlackElo "2159"]
[Result "1-0"]
[Round "04"]
[TimeControl "180+1"]
[Date "2021.11.30"]
[WhiteClock "0:00:23"]
[BlackClock "0:00:01"]

1. e4 c5 2. Nf3 Nc6 3. Bb5 g6 4. O-O Bg7 5. c3 Nf6 6. Qa4 O-O 7. d4 cxd4 8. cxd4 d5 9. e5 Ne4 10. Bxc6 bxc6 11. Qxc6 Bg4 12. Nbd2 Rc8 13. Qa6 Nxd2 14. Nxd2 f6 15. h3 Bf5 16. Nf3 Be4 17. Nd2 Bf5 18. Re1 fxe5 19. dxe5 Rc7 20. Nb3 d4 21. Bg5 h6 22. Bd2 Qd5 23. Rac1 Rfc8 24. Rxc7 Rxc7 25. Qa4 Bc2 26. Qb4 d3 27. Qb8+ Kh7 28. Qxc7 Qf7 29. Nd4 Ba4 30. Qc3 Qd5 31. Qxd3 Bc6 32. f3 Be8 33. Bc3 Qxa2 34. Ne6 Qxe6 35. Qe3 a6 36. Qc5 Bb5 37. Rd1 g5 38. Rd8 h5 39. Qe3 Qf5 40. Qe4 Qxe4 41. fxe4 Kg6 42. Rb8 Bd3 43. Rb6+ Kf7 44. e6+ Kg6 45. Bxg7 Kxg7 46. e5 Kg6 47. Kf2 Kf5 48. Ke3 Bf1 49. g4+ hxg4 50. hxg4+ Kxe5 51. Rb8 Bc4 52. Rg8 Kf6 53. Rf8+ Ke5 54. Rf5+ Kxe6 55. Rxg5 Kf7 56. Rc5 Bb5 57. Kf4 Kf6 58. Rf5+ Kg6 59. Ke5 Bd7 60. Rf4 Kg5 61. Rf7 Bxg4 62. Rxe7 Be2 63. Rg7+ Kh6 64. Rg2 Bc4 65. Kf5 Bd3+ 66. Kf6 Kh7 67. Rg7+ Kh8 68. Rg3 Bc4 69. Rg4 Bd5 70. Ke5 Bc6 71. Rg3 Bb5 72. Kd6 Kh7 73. Kc5 Kh6 74. Kb6 Kh5 75. Ra3 Bc4 76. Rxa6 Kg6 77. Ra1 Kf5 78. Re1 Kf4 79. b4 Kf3 80. Kc5 Bd3 81. b5 Kf2 82. Re7 Kf3 83. b6 1-0


[Site "https://www.chess.com"]

[Event "Titled Tuesday Blitz November 30 2021"]
[White "Priyanka Nutakki"]
[Black "Preotu, Razvan"]
[WhiteFideId "25049615"]
[BlackFideId "2613280"]
[WhiteElo "1916"]
[BlackElo "2407"]
[Result "0-1"]
[Round "04"]
[TimeControl "180+1"]
[Date "2021.11.30"]
[WhiteClock "0:00:07"]
[BlackClock "0:00:38"]

1. d4 Nf6 2. c4 g6 3. Nc3 d5 4. cxd5 Nxd5 5. e3 Bg7 6. f4 c5 7. Nf3 cxd4 8. Nxd4 O-O 9. Be2 Nxf4 10. Bf3 e5 11. Ndb5 Nd3+ 12. Ke2 Nxc1+ 13. Rxc1 Qb6 14. Qd6 Nc6 15. a4 Be6 16. Qc7 Qa6 17. Rhd1 Rac8 18. Qd6 Rfd8 19. Qa3 Bf8 20. Qa1 Nb4 21. Rxd8 Rxd8 22. Rd1 Bc4+ 23. Kf2 Nd3+ 24. Kg1 Qb6 25. Nd5 Rxd5 0-1


[Site "https://www.chess.com"]